 Dungeon Crawl Stone Soup version 0.30.1-11-g7821555f0a (webtiles) character file.

Game seed: 14478355995316655060

16454 jagang the Fighter (level 12, -5/102 HPs)
             Began as a Human Monk on Jan 5, 2024.
             Was a High Priest of the Shining One.
             Slain by a red devil
             ... wielding a +0 trident
             ... summoned by an orc high priest
              (9 damage)
             ... on level 2 of the Orcish Mines on Jan 10, 2024.
             The game lasted 00:45:59 (10225 turns).

jagang the Fighter (Human Monk)                    Turns: 10225, Time: 00:46:01

Health: -5/102     AC: 19    Str: 17    XL:     12   Next: 70%
Magic:  16/16      EV: 11    Int: 10    God:    the Shining One [*****.]
Gold:   1135       SH:  7    Dex: 28    Spells: 11/11 levels left

rFire   x . .        O - +1 double sword (flame)
rCold   + + .        J - +0 buckler
rNeg    + + .        h - +3 ice dragon scales
rPois   +            C - +0 hat of Nysh {rElec Dex+2}
rElec   +            Y - +2 cloak {rPois}
rCorr   .            k - +1 pair of gloves
SInv    .            N - +0 pair of boots
Will    +....        q - amulet of regeneration
Stlth   +            o - ring of the Good {Fly rPois Will+ Str+4}
HPRegen 1.17/turn    K - +6 ring of dexterity
MPRegen 0.15/turn

%: no passive effects
@: mighty, corroded, flying, glowing, studying Fighting
A: no striking features
a: Renounce Religion, Divine Shield, Cleansing Flame, Summon Divine Warrior


You were on level 2 of the Orcish Mines.
You worshipped the Shining One.
The Shining One was extremely pleased with you.
You visited 4 branches of the dungeon, and saw 13 of its levels.
You also visited: Bailey.

You collected 2613 gold pieces.
You spent 1478 gold pieces at shops.

Inventory:

Hand Weapons
 O - a +1 double sword of flaming (weapon)
 V - a +3 heavy great sword
Missiles
 f - 7 throwing nets
 g - 6 javelins
 i - 3 silver boomerangs
 E - 20 poisoned darts (quivered)
 R - 10 boomerangs
Armour
 h - +3 ice dragon scales (worn)
 k - a +1 pair of gloves (worn)
 B - a +2 ring mail of fire resistance
 C - the +0 hat of Nysh (worn) {rElec Dex+2}
   (You acquired it on level 8 of the Dungeon)

   Dex:       It affects your dexterity (+2).
   rElec:     It insulates you from electricity.
 J - a +0 buckler (worn)
 N - a +0 pair of boots (worn)
 Y - a +2 cloak of poison resistance (worn)
Jewellery
 m - a ring of magical power
 o - the ring of the Good (left hand) {Fly rPois Will+ Str+4}
   (You found it on level 2 of the Dungeon)

   [ring of poison resistance]

   Str:       It affects your strength (+4).
   rPois:     It protects you from poison.
   Fly:       It grants you flight.
   Will:      It increases your willpower.
 q - an amulet of regeneration (around neck)
 t - an amulet of the acrobat
 K - a +6 ring of dexterity (right hand)
Wands
 v - a wand of flame (42)
 A - a wand of polymorph (12)
 F - a wand of roots (20)
Scrolls
 a - a scroll of magic mapping
 l - 6 scrolls of teleportation
 n - a scroll of poison
 p - a scroll of silence
 y - a scroll of identify
 I - 4 scrolls of fear
 P - 2 scrolls of noise
 W - 2 scrolls of summoning
 X - a scroll of fog {unknown}
Potions
 b - 2 potions of resistance
 c - a potion of ambrosia
 d - 4 potions of lignification {unknown}
 e - a potion of might
 j - 11 potions of curing
 r - 6 potions of brilliance {unknown}
 u - a potion of mutation {unknown}
 w - 4 potions of magic
 x - 3 potions of berserk rage
 z - 5 potions of degeneration {unknown}
 D - 3 potions of cancellation {unknown}
 M - 2 potions of haste {unknown}
 S - 2 potions of flight {unknown}
 U - 3 potions of attraction {unknown}


   Skills:
 * Level 12.2 Fighting
 * Level 10.7 Long Blades
 + Level 2.2 Throwing
 * Level 10.4 Armour
 - Level 3.0 Dodging
 + Level 6.1 Shields
 + Level 6.5 Invocations


You had 11 spell levels left.
You didn't know any spells.
Your spell library contained the following spells:

 Spells                   Type           Power      Damage    Failure   Level
 Gell's Gravitas          Tloc           0%         N/A       99%         3
 Ozocubu's Armour         Ice            0%         N/A       99%         3
 Portal Projectile        Hex/Tloc       0%         N/A       99%         3
 Vhi's Electric Charge    Tloc/Air       0%         N/A       99%         3
 Volatile Blastmotes      Fire/Tloc      0%         2d10      99%         3
 Fulminant Prism          Conj/Hex       0%         3d5       100%        4
 Iskenderun's Mystic Bla  Conj/Tloc      0%         2d3       100%        4
 Arcjolt                  Conj/Air       0%         1d10      100%        5
 Lee's Rapid Deconstruct  Erth           0%         3d4*      100%        5
 Ozocubu's Refrigeration  Ice            0%         4d7       100%        7
 Maxwell's Capacitive Co  Air            0%         ∞         100%        8


Dungeon Overview and Level Annotations

Branches:
Dungeon (9/15)             Temple (1/1) D:5            Lair (1/5) D:8
    Orc (2/2) D:9             Elf (0/3) Orc:2        Bailey (visited)

Altars:
Ashenzari
Cheibriados
Dithmenos
Elyvilon
Gozag
Hepliaklqana
Kikubaaqudgha
Makhleb
Nemelex Xobeh
Okawaru
Qazlal
Uskayaw
Xom
Yredelemnul
The Shining One

Shops:
D:1 ![(((   D:4 =   D:7 !=   Orc:2 **:**(?

Annotations:
D:4 2 runed translucent doors
Orc:2 Saint Roka


Message History

You throw a poisoned dart.
The poisoned dart hits the orc high priest.
The orc high priest is poisoned.
The orc high priest no longer looks unusually strong.
Throw: 23 darts (poison)
Press: ? - help, Q - select action, (/) - cycle Shift-Dir - straight line, f/p - orc high priest
Aim: an orc high priest, wielding a +0 glaive (poisoned, haloed, 80% to hit)
You throw a poisoned dart.
The poisoned dart hits the orc high priest.
The orc high priest looks even sicker.
Throw: 22 darts (poison)
Press: ? - help, Q - select action, (/) - cycle Shift-Dir - straight line, f/p - orc high priest
Aim: an orc high priest, wielding a +0 glaive (very poisoned, haloed, 80% to hit)
You throw a poisoned dart.
The poisoned dart hits the orc high priest.
The orc high priest looks even sicker.
Throw: 21 darts (poison)
Press: ? - help, Q - select action, (/) - cycle Shift-Dir - straight line, f/p - orc high priest
Aim: an orc high priest, wielding a +0 glaive (very poisoned, haloed, 80% to hit)
You throw a poisoned dart.
The poisoned dart hits the orc high priest.
The orc high priest looks as sick as possible!
The orc high priest invokes the aid of Beogh against you.
Beogh smites you!
* * * LOW HITPOINT WARNING * * *
You slice the rust devil!!
The rust devil is heavily wounded.
The rust devil hits you. The rust devil corrodes you!
The orc high priest mumbles some strange prayers to Beogh against you.
Beogh smites you!
* * * LOW HITPOINT WARNING * * *
You block the rust devil's attack.
The orc high priest hits you from afar with a +0 glaive.
* * * LOW HITPOINT WARNING * * *
Saint Roka mumbles some strange prayers to Beogh against you.
Beogh smites you!
* * * LOW HITPOINT WARNING * * *
The rust devil closely misses you.
The red devil hits you from afar with a +0 trident!
You die...

##.## #.##...##...........
#..###.#.....#...........
##.##..#).._.#.......)...
#.....')....#.##........
#.....##...##.###....... #..o#
#......#####..# ###..... #.8.#
#...#.........####...... #.oo#
#..#.#.......###........ +...+
#....o.@.....##.....#... #...#
#.....4...))).##........ ##..4##
#.o..4...##.[..#........ #8.)o8#
##(##.#...#..............
#.3oo.###o..#..#.###.#..##.......
##3)h##.....o...## #########.....
...4)h......#..## ##....
..8.8.......#### ##....
.............## ##.....


You could see Saint Roka, an orc high priest (very poisoned), a rust devil
(summoned), a red devil (summoned), an orc warrior and an orc.

Vanquished Creatures
  2 two-headed ogres
  An orc high priest (Orc:2)
  Pikel (D:8)
  An ugly thing (D:9)
  2 orc knights
  A deep elf zephyrmancer (Bailey)
  2 orc sorcerers
  A black mamba (Lair:1)
  Joseph (D:9)
  A troll (Orc:1)
  Prince Ribbit (D:8)
  Grinder (D:6)
  2 wyverns
  2 wraiths
  2 steam dragons
  Grum (D:8)
  2 vampire mosquitoes (D:8)
  5 wargs
  2 water moccasins
  Duvessa (D:4)
  3 black bears
  29 orc warriors
  A sky beast (D:7)
  2 wolves (D:8)
  5 ogres
  3 centaurs
  2 phantoms
  2 kobold brigands
  6 gnoll sergeants
  A bullfrog (D:8)
  7 scorpions
  Dowan (D:4)
  8 wights (D:8)
  6 killer bees (D:8)
  5 howler monkeys
  5 jellies
  7 hounds
  27 orc priests
  5 gnoll boudas
  A sleepcap (D:6)
  2 iguanas
  22 orc wizards
  Robin (D:4)
  34 gnolls
  8 adders
  A shadow imp (D:6)
  A white imp (D:6)
  5 worms
  3 dart slugs
  90 orcs
  5 bats
  9 endoplasms
  A giant cockroach (D:1)
  14 goblins
  13 hobgoblins
  7 jackals (D:7)
  9 kobolds
  2 quokkas
  7 ball pythons
  2 frilled lizards (D:2)
  6 rats
400 creatures vanquished.

Notes
Turn   | Place    | Note
-------+----------+-------------------------------------------
     0 | D:1      | jagang the Human Monk began the quest for the Orb.
     0 | D:1      | Reached XP level 1. HP: 18/18 MP: 1/1
    92 | D:1      | Found a faded altar of an unknown god.
   102 | D:1      | Found Beynank's Weapon Boutique.
   120 | D:1      | Found Xymeponi's Antique Weapon Shoppe.
   161 | D:1      | Reached XP level 2. HP: 23/24 MP: 2/2
   261 | D:1      | Reached skill level 1 in Armour
   370 | D:1      | Found Soowinal's Distillery.
   514 | D:1      | Reached XP level 3. HP: 27/29 MP: 3/3
   564 | D:1      | Found Roluwn's Weapon Emporium.
   700 | D:1      | Found Tukea's Armour Shop.
  1010 | D:2      | Identified the ring of the Good {Fly rPois Will+ Str+4}
  1437 | D:2      | Reached XP level 4. HP: 25/35 MP: 4/4
  2020 | D:1      | Bought 2 potions of curing for 66 gold pieces
  2163 | D:3      | Noticed a black bear
  2177 | D:3      | Killed a black bear
  2178 | D:3      | Reached skill level 4 in Fighting
  2178 | D:3      | Reached XP level 5. HP: 9/42 MP: 5/5
  2178 | D:3      | Reached XP level 6. HP: 10/48 MP: 6/6
  2489 | D:3      | Found a hide-covered altar of Uskayaw.
  2497 | D:3      | Found a hazy altar of Hepliaklqana.
  2814 | D:4      | Noticed Duvessa
  2814 | D:4      | Noticed Dowan
  2831 | D:4      | Killed Duvessa
  2832 | D:4      | Reached XP level 7. HP: 35/55 MP: 7/7
  2857 | D:4      | Killed Dowan
  2927 | D:4      | Found a large runed translucent door.
  2927 | D:4      | Found a large runed translucent door.
  2937 | D:4      | Reached skill level 5 in Fighting
  2937 | D:4      | Reached skill level 5 in Long Blades
  3028 | D:4      | Found a large runed translucent door.
  3028 | D:4      | Found a large runed translucent door.
  3078 | D:4      | Found Detrynli's Jewellery Emporium.
  3131 | D:4      | Noticed Robin
  3156 | D:4      | Killed Robin
  3298 | D:4      | Noticed a steam dragon
  3317 | D:4      | Killed a steam dragon
  3318 | D:4      | Reached XP level 8. HP: 46/64 MP: 8/8
  3507 | D:4      | You are sucked into a shaft and drop 3 floors!
  3571 | D:6      | HP: 2/64 [acid (11)]
  3636 | D:5      | Entered Level 5 of the Dungeon
  3922 | D:4      | Reached skill level 5 in Armour
  3933 | D:4      | Reached skill level 6 in Fighting
  3938 | D:4      | Got the Reference Book on Correspondence
  3943 | D:4      | Identified the staff of air "Nicetozy" {rElec Int+2 SInv}
  4004 | D:5      | Found a snail-covered altar of Cheibriados.
  4048 | D:5      | Found a staircase to the Ecumenical Temple.
  4055 | Temple   | Entered the Ecumenical Temple
  4072 | Temple   | Became a worshipper of the Shining One
  4072 | Temple   | Reached * piety under the Shining One
  4072 | Temple   | Reached ** piety under the Shining One
  4320 | D:5      | Found a shadowy altar of Dithmenos.
  4440 | D:5      | Found an iron altar of Okawaru.
  4466 | D:5      | Reached skill level 1 in Invocations
  4482 | D:5      | Reached skill level 1 in Shields
  4766 | D:6      | Noticed Grinder
  4781 | D:6      | Killed Grinder
  4782 | D:6      | Reached XP level 9. HP: 39/71 MP: 10/10
  5360 | D:6      | Reached skill level 7 in Fighting
  6149 | D:7      | Found Oteisses's Distillery.
  6207 | D:7      | Identified a scroll of acquirement
  6208 | D:7      | Acquired 1124 gold pieces
  6228 | D:7      | Bought a potion of berserk rage for 50 gold pieces
  6228 | D:7      | Bought 2 potions of resistance for 200 gold pieces
  6228 | D:7      | Bought a potion of curing for 30 gold pieces
  6228 | D:7      | Bought a potion of curing for 30 gold pieces
  6228 | D:7      | Bought a potion of curing for 30 gold pieces
  6228 | D:7      | Bought a potion of curing for 30 gold pieces
  6228 | D:7      | Bought a potion of magic for 80 gold pieces
  6266 | D:7      | Reached *** piety under the Shining One
  6452 | D:7      | Found Ulofoad's Jewellery Shop.
  6466 | D:7      | Reached XP level 10. HP: 68/77 MP: 12/12
  6479 | D:7      | Bought a +6 ring of dexterity for 504 gold pieces
  6616 | D:7      | Found a shimmering altar of Xom.
  6617 | D:7      | Found an ancient bone altar of Kikubaaqudgha.
  6720 | D:7      | Acquired a +0 double sword of flaming
  6894 | D:8      | Reached skill level 8 in Fighting
  7009 | D:8      | Noticed Pikel
  7018 | D:8      | Killed Pikel
  7023 | D:8      | Noticed Prince Ribbit
  7043 | D:8      | Killed Prince Ribbit
  7061 | D:8      | Reached **** piety under the Shining One
  7067 | D:8      | Found a flagged portal.
  7089 | Bailey   | Entered a bailey
  7167 | Bailey   | Found a large runed translucent door.
  7167 | Bailey   | Found a large runed translucent door.
  7167 | Bailey   | Noticed an orc knight
  7174 | Bailey   | Noticed a deep elf zephyrmancer
  7202 | Bailey   | Killed an orc knight
  7203 | Bailey   | Reached XP level 11. HP: 45/87 MP: 14/14
  7305 | Bailey   | Killed a deep elf zephyrmancer
  7306 | Bailey   | Reached skill level 9 in Fighting
  7321 | Bailey   | Identified the amulet of Woakk {RegenMP Str+6}
  7355 | Bailey   | Identified the +5 bardiche of the Singing Seer {venom,
                  | rPois rCorr}
  7406 | D:8      | Acquired the +0 hat of Nysh {rElec Dex+2}
  7419 | D:8      | Acquired a manual of Fighting
  7631 | D:8      | Reached skill level 5 in Invocations
  7732 | D:8      | Found a broken altar of Ashenzari.
  7770 | D:8      | Found a staircase to the Lair.
  7830 | D:8      | Noticed Grum
  7850 | D:8      | Killed Grum
  8070 | Lair:1   | Entered Level 1 of the Lair of Beasts
  8079 | Lair:1   | Reached skill level 10 in Fighting
  8137 | D:9      | Noticed Joseph
  8137 | D:9      | Noticed a two-headed ogre
  8235 | D:9      | Reached skill level 5 in Shields
  8264 | D:9      | Killed Joseph
  8440 | D:9      | Reached ***** piety under the Shining One
  8444 | D:9      | Killed a two-headed ogre
  8467 | D:9      | Found a staircase to the Orcish Mines.
  8475 | D:9      | Noticed a cyan ugly thing
  8486 | D:9      | Killed a cyan ugly thing
  8488 | D:9      | Reached skill level 10 in Long Blades
  8829 | Orc:1    | Entered Level 1 of the Orcish Mines
  8829 | Orc:1    | Noticed an orc knight
  8832 | Orc:1    | Noticed an orc sorcerer
  8840 | D:9      | Killed an orc knight
  8841 | D:9      | Reached skill level 11 in Fighting
  8841 | D:9      | Reached XP level 12. HP: 75/100 MP: 16/16
  9231 | Orc:2    | Entered Level 2 of the Orcish Mines
  9231 | Orc:2    | Found Axyvu's Assorted Antiques.
  9231 | Orc:2    | Found Ihysuar's General Store.
  9456 | Orc:2    | Noticed a two-headed ogre
  9458 | Orc:2    | Found a staircase to the Elven Halls.
  9465 | Orc:2    | Killed a two-headed ogre
  9466 | Orc:2    | Reached skill level 1 in Throwing
  9466 | Orc:2    | Reached skill level 10 in Armour
  9599 | Orc:2    | Found Zuwe Efu's Magic Scroll Emporium.
  9617 | Orc:2    | Bought a scroll of identify for 30 gold pieces
  9617 | Orc:2    | Bought a scroll of identify for 30 gold pieces
  9617 | Orc:2    | Bought a scroll of identify for 30 gold pieces
  9617 | Orc:2    | Bought a scroll of identify for 30 gold pieces
  9662 | Orc:2    | Found Ecisem's Antique Weapon Shop.
  9723 | Orc:2    | Found Igotuodo's Assorted Antiques.
  9729 | Orc:2    | Bought a bubbling ruby potion for 24 gold pieces
  9729 | Orc:2    | Bought a pink potion for 24 gold pieces
  9845 | Orc:2    | Noticed an orc high priest
  9856 | Orc:2    | Reached skill level 12 in Fighting
  9864 | Orc:2    | Killed an orc high priest
  9873 | Orc:2    | Found Ighem's Assorted Antiques.
  9881 | Orc:2    | Bought a clear potion for 27 gold pieces
  9881 | Orc:2    | Bought a clear potion for 27 gold pieces
 10038 | Orc:2    | Found Daibaul's Book Boutique.
 10040 | Orc:2    | Bought a potion of curing for 48 gold pieces
 10054 | Orc:2    | Bought a scroll of identify for 80 gold pieces
 10054 | Orc:2    | Bought a fuming emerald potion for 36 gold pieces
 10054 | Orc:2    | Bought 2 white potions for 72 gold pieces
 10196 | Orc:2    | Noticed an orc high priest
 10199 | Orc:2    | Noticed Saint Roka
 10209 | Orc:2    | Noticed a sun demon
 10209 | Orc:2    | Noticed a soul eater
 10225 | Orc:2    | HP: 4/102 [Saint Roka/divine providence (10)]
 10225 | Orc:2    | Slain by a red devil

Illustrated notes

Levels and vault maps discovered:
D:1:      wheals_arrival_linesprint, layout_basic,
          ebering_ecumenical_altar_petrified, serial_shops,
          nicolae_diamond_shop, nicolae_shop_tiny_glass, shop, shop,
          nicolae_shop_tiny_glass
D:2:      layout_basic
D:3:      layout_rooms, chequers_temple_overflow_statue_of_worship
D:4:      layout_loops_ring, serial_shops, nicolae_shop_tiny_glass,
          amethyst_killhole, minmay_hollow_rounded_squares, uniq_duvessa,
          uniq_robin
D:5:      layout_loops_ring, mainiacjoe_overflow_alcove_1,
          nicolae_dithmenos_shadow_blocks, nicolae_overflow_crystal_walls,
          temple_fountains
D:6:      layout_loops_ring, uniq_grinder
D:7:      layout_cave_pools, gammafunk_temple_overflow_pools, serial_shops,
          shop, serial_gnoll_camp, gnoll_camp_mini_house, gnoll_camp_medium_02,
          gnoll_camp_mini_shop, gnoll_camp_medium_01, gnoll_camp_huts_basic
D:8:      layout_basic, mainiacjoe_overflow_tiny_flanked,
          grunt_lair_entry_orc_guard_hut, enter_bailey_4, kennysheep_donut,
          uniq_pikel, uniq_grum, uniq_prince_ribbit1
D:9:      layout_rooms, erik_orc_4, uniq_joseph
Temple:   eino_temple_water
Lair:1:   layout_chaotic_city, infiniplex_staircase_pool, uniq_harold
Orc:1:    layout_diamond_mine, minmay_orc_temple_a
Orc:2:    grunt_orc_community_town_hall, layout_caves,
          grunt_orc_community_big_house_2, grunt_orc_community_big_house_1,
          grunt_orc_community_house_3, grunt_orc_community_house_2,
          grunt_orc_community_house_3, grunt_orc_community_house_3,
          grunt_orc_community_house_2, basic_altar, serial_shops, shop_statue,
          nicolae_shop_just_a_little_nook, nicolae_shop_pleasant_corner_grove,
          shop, shop_statue

Skill      XL: |  1  2  3  4  5  6  7  8  9 10 11 12 |
---------------+-------------------------------------+-----
Armour         | 1 2 3 4 5 6 8 9 10 | 10.4
Fighting       | 4 5 6 7 8 11 12 | 12.2
Long Blades    | 4 5 6 7 8 10 | 10.7
Invocations    | 1 3 4 5 6 |  6.5
Shields        | 1 2 4 5 6 |  6.1
Throwing       | 2 |  2.2
Dodging        | |  3.0

Action                     |  1- 3 |  4- 6 |  7- 9 | 10-12 || total
---------------------------+-------+-------+-------+-------++-------
  Melee: Falchion          |    78 |   100 |   139 |       ||   317
         Long sword        |       |       |   341 |    56 ||   397
         Double sword      |       |       |       |   503 ||   503
  Throw: Dart              |       |       |    34 |     5 ||    39
         Throwing net      |       |       |     1 |       ||     1
         Boomerang         |       |       |       |    26 ||    26
 Invoke: Cleansing Flame   |       |       |     2 |       ||     2
  Evoke: Wand              |       |       |       |     2 ||     2
    Use: Scroll            |       |       |     8 |    16 ||    24
         Potion            |       |       |       |     1 ||     1
 Armour: Robe              |    18 |       |       |       ||    18
         Ring mail         |    19 |    41 |    91 |       ||   151
         Scale mail        |       |    19 |    35 |       ||    54
         Plate armour      |       |       |   164 |   105 ||   269
         Ice dragon scales |       |       |       |   195 ||   195
  Dodge: Dodged            |    69 |    68 |   271 |   270 ||   678
  Block: Buckler           |       |       |    13 |   225 ||   238
